 Dungeon Crawl Stone Soup version 0.27.0 (webtiles) character file.

Game seed: 18054360026673051595

2964 wormsofcant the Magician (level 9, -2/62 HPs)
             Began as a Mummy Fire Elementalist on July 30, 2021.
             Was an Initiate of Ashenzari.
             Killed from afar by a steam dragon (23 damage)
             ... with a ball of steam
             ... on level 7 of the Dungeon.
             The game lasted 00:21:17 (11878 turns).

wormsofcant the Magician (Mummy Fire Elementalist) Turns: 11878, Time: 00:21:17

Health: -2/62      AC:  5    Str: 12    XL:     9   Next: 52%
Magic:  7/20       EV: 13    Int: 17    God:    Ashenzari [......]
Gold:   116        SH:  0    Dex: 18    Spells: 4/22 levels left

rFire    . . .     SeeInvis .   a - +2 dagger (venom)
rCold    . . .     Faith    .   (no shield)
rNeg     + + +     Spirit   .   j - +0 robe
rPois    ∞         Reflect  .   l - +1 helmet
rElec    .         Harm     .   m - +0 cloak
rCorr    .         Rampage  .   (no gloves)
Will     +....                  (no boots)
Stlth    ++........             (no amulet)
HPRegen  0.20/turn              u - ring of the Distant God {Dex+6, Self, Melee} (curse)
MPRegen  0.17/turn              z - ring of fire

@: swift, very quick
A: cold resistance 1, negative energy resistance 3, torment resistance 2, heat
vulnerability 1, no potions
a: Renounce Religion, Shatter the Chains


You were on level 7 of the Dungeon.
You worshipped Ashenzari.
Ashenzari was noncommittal.
You visited 2 branches of the dungeon, and saw 8 of its levels.

You collected 404 gold pieces.
You spent 288 gold pieces at shops.

Inventory:

Hand Weapons
 a - a +2 dagger of venom (weapon)
 b - a +2 whip of electrocution
 c - a +0 dagger
 i - a +0 hunting sling
 s - a +0 hand crossbow
 v - a +2 mace of protection
 C - a +0 shortbow
Missiles
 f - 146 stones
 x - 3 throwing nets
 A - 58 bolts
 B - 10 poisoned darts
 D - 30 arrows
Armour
 j - a +0 robe (worn)
 l - a +1 helmet (worn)
 m - a +0 cloak (worn)
Magical Staves
 h - a staff of death
Jewellery
 u - the cursed ring of the Distant God (left hand) {Dex+6, Self, Melee}
   (You found it on level 6 of the Dungeon)

   [ring of dexterity]

   Dex:       It affects your dexterity (+6).
   It has a curse which improves the following skills: Introspection: Fighting
   and Spellcasting.
   Melee Combat: Short Blades, Long Blades, Axes, Maces & Flails, Polearms,
   Staves and Unarmed Combat.
 z - a ring of fire (right hand)
Wands
 e - a wand of flame (41)
 g - a wand of iceblast (18)
Scrolls
 d - a scroll of holy word
 k - a scroll of enchant weapon
 n - a scroll of amnesia
 o - 3 scrolls of immolation
 p - a scroll of torment
 q - a scroll of blinking
 r - a scroll of teleportation
 t - a scroll of fear
 w - 2 scrolls of fog
 y - a scroll of magic mapping


   Skills:
 - Level 2.0(2.4) Fighting
 - Level 3.0 Dodging
 - Level 1.5 Stealth
 - Level 6.9(7.4) Spellcasting
 - Level 6.0 Conjurations
 - Level 2.0 Transmutations
 * Level 6.5 Fire Magic
 - Level 3.0 Air Magic
 - Level 2.0 Earth Magic


You had 4 spell levels left.
You knew the following spells:

 Your Spells              Type           Power      Damage    Failure   Level
a - Foxfire               Conj/Fire      100%       2x1d9     1%          1
b - Conjure Flame         Conj/Fire      41%        6-21      2%          3
d - Sticky Flame          Conj/Fire      41%        2d6       9%          4
e - Fireball              Conj/Fire      20%        3d10      24%         5
E - Passwall              Tmut/Erth      10%        N/A       8%          2
U - Swiftness             Air            16%        N/A       10%         3

Your spell library contained the following spells:

 Spells                   Type           Power      Damage    Failure   Level
 Inner Flame              Hex/Fire       26%        N/A       9%          3
 Gell's Gravitas          Tloc           3%         N/A       32%         3
 Lesser Beckoning         Tloc           3%         N/A       32%         3
 Teleport Other           Tloc           6%         N/A       32%         3
 Invisibility             Hex            3%         N/A       100%        6
 Summon Hydra             Summ           3%         N/A       100%        7
 Wereblood                Tmut           Unusable   N/A       N/A         2
 Sublimation of Blood     Necr           Unusable   N/A       N/A         2

Dungeon Overview and Level Annotations

Branches:
Dungeon (7/15)             Temple (1/1) D:6

Altars:
Ashenzari
Dithmenos
Fedhas
Gozag
Hepliaklqana
Kikubaaqudgha
Makhleb
Nemelex Xobeh
Okawaru
Qazlal
Sif Muna
Trog
Uskayaw
Vehumet
Wu Jian
Xom
Yredelemnul
The Shining One

Shops:
D:4 *   D:6 *

Annotations:
D:2 exclusion: downstairs
D:4 Dowan, Duvessa
D:5 1 runed translucent door, DemonSlayer's ghost, novice HuBe
D:7 5 runed translucent doors


Innate Abilities, Weirdness & Mutations

You are immune to poison.
Your flesh is cold resistant. (rC+)
You are immune to negative energy. (rN+++)
You are immune to unholy pain and torment.
You are vulnerable to heat. (rF-)
You do not drink.


Message History

You are very lightly contaminated with residual magic.
Nothing appears to happen.
The steam dragon breathes steam at you. The ball of steam hits you!!
Unknown command.
The steam dragon misses you. The steam dragon closely misses you.
Casting: Swiftness (dangerous; 10% risk of failure)
Confirm with . or Enter, or press ? or * to list all spells.
Okay, then.
Casting: Swiftness (dangerous; 10% risk of failure)
Confirm with . or Enter, or press ? or * to list all spells.
You feel quick. The steam dragon bites you. The steam dragon barely misses you.
The steam dragon bites you.
The steam dragon claws you but does no damage.
Casting: Swiftness (dangerous; 10% risk of failure)
Confirm with . or Enter, or press ? or * to list all spells.
Aiming: Sticky Flame (dangerous; 9% risk of failure)
Press: ? - help, Shift-Dir - straight line, f - steam dragon
Aim: a steam dragon (moderately wounded, 100% to hit)
You feel a surge of power!
The sticky flame hits the steam dragon!
The steam dragon is heavily wounded.
The steam dragon is covered in liquid flames!
The steam dragon burns!
The steam dragon bites you. The steam dragon claws you.
Unknown command.
Adjust (i)tems, (s)pells, or (a)bilities?
Adjust which spell? c - Swiftness Adjust to which letter?
U - Swiftness Unknown command.
The steam dragon burns!
You hit the steam dragon.
The steam dragon is poisoned.
The steam dragon is almost dead.
The steam dragon burns!
The steam dragon breathes steam at you. The ball of steam misses you.
Your magical contamination has completely faded away.
The steam dragon breathes steam at you. The ball of steam hits you!!
You die...

##############.........#
.......)...............#######
.####.####.##................#
.#....###..............#####.#
............<..............#.#
.....####..#...........###.#.#
..#.## #..#...........# #.# ..#.#
#..#..D§§§§§§..# #.#..
..#.#####..#...§@.....## #....
...........#..##.#.#.## #.###
..#.#####.##.........#####.#####
.##.# #.##.#####.............#
.##.# #.##.# #..######.###.#
.##.# #.##.# #..######.###.#
.##.# #.##.#####...^......##.#
....#####.##..............#..#.##
..........#######...###..###.....


You could see a steam dragon (burning, very poisoned, catching breath).

Vanquished Creatures
  Prince Ribbit (D:7)
  Menkaure (D:4)
  4 ice beasts
  2 sky beasts
  An ogre (D:4)
  2 necrophages (D:5)
  A centaur (D:7)
  A kobold brigand (D:7)
  2 bullfrogs
  2 scorpions
  2 water moccasin zombies
  A water moccasin skeleton (D:5)
  4 killer bees (D:7)
  A howler monkey (D:5)
  3 hounds
  A jelly (D:6)
  A centaur skeleton (D:5)
  3 orc priests
  Terence (D:3)
  Jessica (D:2)
  3 gnoll shamans
  2 scorpion zombies
  3 iguanas
  Natasha (thrice) (D:2)
  4 orc wizards
  2 hound skeletons (D:4)
  Robin (D:3)
  5 adders
  15 gnolls
  A white imp (D:6)
  2 ufetubi
  An adder skeleton (D:4)
  A worm (D:2)
  2 dart slugs
  21 orcs
  7 ball pythons
  5 endoplasms
  3 giant cockroaches
  17 goblins
  10 hobgoblins
  12 jackals
  11 kobolds
  7 quokkas
  10 bats
  4 frilled lizards
  5 rats
192 creatures vanquished.

Vanquished Creatures (others)
  762 foxfires
762 creatures vanquished.

Grand Total: 954 creatures vanquished

Notes
Turn   | Place    | Note
-------+----------+-------------------------------------------
     0 | D:1      | wormsofcant the Mummy Fire Elementalist began the quest for
                  | the Orb.
     0 | D:1      | Reached XP level 1. HP: 13/13 MP: 4/4
    15 | D:1      | Reached skill level 1 in Conjurations
   229 | D:1      | Reached XP level 2. HP: 19/19 MP: 1/5
   398 | D:1      | Found a faded altar of an unknown god.
  1057 | D:2      | Noticed Natasha
  1475 | D:1      | Reached XP level 3. HP: 21/24 MP: 1/7
  2437 | D:3      | Noticed Terence
  2448 | D:2      | Learned a level 3 spell: Conjure Flame
  2451 | D:2      | Learned a level 2 spell: Passwall
  2528 | D:2      | Killed Natasha
  2529 | D:2      | Reached XP level 4. HP: 30/30 MP: 2/8
  3009 | D:2      | Noticed Jessica
  3014 | D:2      | Killed Jessica
  3015 | D:2      | Reached skill level 1 in Earth Magic
  3081 | D:2      | Reached skill level 1 in Transmutations
  3087 | D:2      | Reached XP level 5. HP: 29/35 MP: 9/9
  3245 | D:2      | Noticed Natasha
  3250 | D:2      | Killed Natasha
  3375 | D:2      | Noticed Natasha
  3379 | D:2      | Killed Natasha
  3443 | D:2      | Learned a level 3 spell: Swiftness
  4057 | D:3      | Noticed Robin
  4226 | D:3      | Killed Robin
  4404 | D:3      | Reached skill level 1 in Air Magic
  4404 | D:3      | Reached XP level 6. HP: 41/41 MP: 6/10
  4514 | D:3      | HP: 1/41 [something (6)]
  4983 | D:3      | Killed Terence
  5512 | D:4      | Noticed Menkaure
  5521 | D:4      | Killed Menkaure
  5522 | D:4      | Reached XP level 7. HP: 46/46 MP: 0/11
  5732 | D:4      | Found a shimmering blue altar of Sif Muna.
  6068 | D:4      | Found a hide-covered altar of Uskayaw.
  6075 | D:4      | Found Gikiohor's Elemental Accessories.
  6084 | D:4      | Bought a wand of flame (12) for 84 gold pieces
  6695 | D:4      | Reached skill level 5 in Spellcasting
  7508 | D:4      | Noticed Duvessa
  7508 | D:4      | Noticed Dowan
  7720 | D:4      | Found a radiant altar of Vehumet.
  7880 | D:5      | Entered Level 5 of the Dungeon
  8017 | D:5      | Reached skill level 5 in Fire Magic
  8017 | D:5      | Reached XP level 8. HP: 52/52 MP: 8/15
  8022 | D:5      | Learned a level 4 spell: Sticky Flame
  8179 | D:5      | Found a runed translucent door.
  8181 | D:5      | Noticed DemonSlayer's ghost (novice HuBe)
  8189 | D:5      | Reached skill level 5 in Conjurations
  9165 | D:6      | Found a sparkling altar of Nemelex Xobeh.
  9285 | D:6      | Noticed a two-headed ogre
  9374 | D:6      | Found a staircase to the Ecumenical Temple.
  9382 | Temple   | Entered the Ecumenical Temple
  9470 | Temple   | Became a worshipper of Ashenzari the Shackled
  9725 | D:6      | Learned a level 5 spell: Fireball
  9856 | D:6      | Reached XP level 9. HP: 43/57 MP: 15/18
 10127 | D:6      | Found Aciwaj's Assorted Antiques.
 10135 | D:6      | Bought a scroll labelled JONWEMMI NIUKI for 34 gold pieces
 10135 | D:6      | Bought a wand of iceblast (11) for 136 gold pieces
 10135 | D:6      | Bought a wand of flame (11) for 34 gold pieces
 10395 | D:7      | Reached skill level 1 in Fighting
 10996 | D:7      | Found a runed translucent gate.
 10998 | D:7      | Found a runed translucent gate.
 10998 | D:7      | Found a runed translucent gate.
 11000 | D:7      | Noticed Prince Ribbit
 11009 | D:7      | HP: 3/62 [Prince Ribbit (7)]
 11011 | D:7      | Killed Prince Ribbit
 11312 | D:7      | Found a runed translucent door.
 11320 | D:7      | Found the +9 staff of Olgreb {rPois∞}
 11323 | D:7      | Found a runed translucent door.
 11878 | D:7      | Killed from afar by a steam dragon

Illustrated notes

Levels and vault maps discovered:
D:1:      minmay_arrival_radiant_lines, layout_loops_ring,
          shapermc_ecumenical_altar_notcrosses
D:2:      minmay_evil_eye, layout_basic, uniq_jessica, uniq_natasha,
          uniq_crazy_yiuf_cottage
D:3:      layout_basic, uniq_terence, uniq_robin
D:4:      minmay_chambers_of_threes, layout_loops_ring,
          mainiacjoe_overflow_catwalk_spiral, lemuel_tele_altar,
          kennysheep_another_room, nicolae_elemental_shop, uniq_menkaure,
          uniq_duvessa
D:5:      layout_gridville, gammafunk_ghost_grave,
          minmay_misc_feat_more_columns, st_stairs_14, kennysheep_nub,
          chequers_serial_rivers_room_a, dk_noncrumbling_2,
          minmay_misc_feat_chi, minmay_starry_boxes
D:6:      layout_gridville, mainiacjoe_overflow_cross_hatched,
          minmay_temple_entry_proselytizer, serial_shops, nicolae_diamond_shop
D:7:      layout_loops_ring, minitemple, minmay_guarded_unrand_staff_of_olgreb,
          uniq_prince_ribbit1
Temple:   eino_temple_lava

Skill      XL: |  1  2  3  4  5  6  7  8  9 |
---------------+----------------------------+-----
Conjurations   | 1 2 3 4 5 6 |  6.0
Spellcasting   | 3 5 6 |  6.9
Fire Magic     | 3 4 5 6 |  6.5
Earth Magic    | 1 2 |  2.0
Transmutations | 1 2 |  2.0
Air Magic      | 1 2 3 |  3.0
Fighting       | 2 |  2.0
Dodging        | 3 |  3.0
Stealth        | |  1.5

Action                   |  1- 3 |  4- 6 |  7- 9 || total
-------------------------+-------+-------+-------++-------
Melee: Dagger            |    34 |    46 |    81 ||   161
       Whip              |       |    34 |       ||    34
 Fire: Hunting sling     |     8 |     5 |       ||    13
 Cast: Foxfire           |    81 |    88 |   306 ||   475
       Conjure Flame     |       |     2 |       ||     2
       Sticky Flame      |       |       |     5 ||     5
       Swiftness         |       |       |     1 ||     1
Invok: Curse Item        |       |       |     1 ||     1
Evoke: Wand              |       |       |     1 ||     1
  Use: Scroll            |     3 |     2 |     8 ||    13
 Stab: Sleeping          |       |     3 |     1 ||     4
       Distracted        |       |     1 |       ||     1
Armor: Robe              |    17 |    11 |    39 ||    67
Dodge: Dodged            |    57 |    49 |   111 ||   217
